 Dungeon Crawl Stone Soup version 0.29.1-2-gbd0b4ee654 (webtiles) character file.

Game seed: 18415898116793133157

9 croobank the Caller (level 2, 0/18 HPs)
             Began as an Octopode Summoner on Nov 23, 2022.
             Slain by a goblin
             ... wielding a +0 dagger
              (3 damage)
             ... on level 1 of the Dungeon.
             The game lasted 00:01:56 (429 turns).

croobank the Caller (Octopode Summoner)              Turns: 429, Time: 00:01:57

Health: 0/18       AC:  1    Str:  7    XL:     2   Next: 12%
Magic:  2/5        EV: 13    Int: 17    God:
Gold:   37         SH:  0    Dex: 12    Spells: 4/5 levels left

rFire   . . .      SeeInvis .   (no weapon)
rCold   . . .      Faith    .   (no shield)
rNeg    . . .      Spirit   .   (helmet restricted)
rPois   .          Reflect  .   (no amulet)
rElec   .          Harm     .   (no ring)
rCorr   .          Rampage  .   (no ring)
Will    .....                   (no ring)
Stlth   +++.......              (no ring)
HPRegen 0.06/turn               (no ring)
MPRegen 0.09/turn               (no ring)
                                (no ring)
                                (no ring)

@: no status effects
A: almost no armour, amphibious, 8 rings, camouflage 1, gelatinous body 1,
(nimble swimmer 1), tentacles
a: no special abilities


You were on level 1 of the Dungeon.
You visited 1 branch of the dungeon, and saw 1 of its levels.

You collected 37 gold pieces.

Inventory:

Scrolls
 b - a scroll of amnesia {unknown}
 c - a scroll of fear {unknown}
Potions
 a - a potion of magic


   Skills:
 + Level 0.4 Fighting
 + Level 2.1 Dodging
 + Level 3.0 Stealth
 + Level 2.1 Spellcasting
 + Level 4.1 Summonings


You had 4 spell levels left.
You knew the following spells:

 Your Spells              Type           Power      Damage    Failure   Level
a - Summon Small Mammal   Summ           60%        N/A       3%          1

Your spell library contained the following spells:

 Spells                   Type           Power      Damage    Failure   Level
 Call Imp                 Summ           15%        N/A       5%          2
 Call Canine Familiar     Summ           15%        N/A       11%         3
 Summon Guardian Golem    Hex/Summ       8%         N/A       24%         3
 Summon Lightning Spire   Summ/Air       8%         N/A       63%         4


Dungeon Overview and Level Annotations

Branches:
Dungeon (1/15)

Altars:


Innate Abilities, Weirdness & Mutations

You cannot wear most types of armour.
You are amphibious.
You can wear up to eight rings at the same time.
Your skin changes colour to match your surroundings (Stealth+).
Your rubbery body absorbs attacks. (AC +1, EV +1)
((You are camouflaged when in or above water. (Stealth+)))
You have tentacles for arms and can constrict up to eight enemies at once.


Message History

The bat hits you but does no damage.
Your bat hits the dart slug but does no damage.
The dart slug launches a dart at you. The slug dart hits you.
* * * LOW HITPOINT WARNING * * *
Your bat hits the dart slug.
Your bat closely misses the bat.
The bat hits you but does no damage. x2
Your bat hits the dart slug but does no damage.
The bat hits you but does no damage.
Your rat barely misses the bat.
The bat barely misses your rat.
Your bat hits the dart slug but does no damage.
Your bat barely misses the goblin.
The bat hits you.
* * * LOW HITPOINT WARNING * * *
The dart slug bites your rat but does no damage.
Your rat bites the dart slug.
The bat hits you but does no damage.
Your bat hits the dart slug but does no damage. x2
The bat hits you.
* * * LOW HITPOINT WARNING * * *
Your bat hits the dart slug but does no damage.
The bat barely misses you.
Your rat bites the dart slug.
You miss the bat. You grab the bat. You squeeze the bat.
The bat is heavily wounded.
You constrict the bat.
Your bat hits the dart slug but does no damage.
The bat hits you but does no damage.
Your bat hits the dart slug.
The bat escapes!
Your rat bites the dart slug.
Okay, then.
Casting: Summon Small Mammal (safe; 3% risk of failure)
Confirm with . or Enter, or press ? or * to list all spells.
Okay, then.
Casting: Summon Small Mammal (safe; 3% risk of failure)
Confirm with . or Enter, or press ? or * to list all spells.
Your bat disappears in a puff of smoke!
The bat misses you. The bat hits your bat.
The dart slug launches a dart at you. The slug dart hits your bat.
Your bat dies!
Your bat's corpse disappears in a puff of smoke!
The goblin hits you with a +0 dagger.
You die...

######.# ##......#
#######.......# .
..............# ..
....#..#b....##.# .
#..#......... ..#
##.###....##.# # #.. #..#
#..†.# #.#..# ##@## ##...#
..... #bg# #...# #...###§##
##..# ##### #+##...#..# ...
#..####....
.?.....#wr#.....#.....+....
+...§...........###....
##....#########...###..
###### #........
###+####.##


You could see a dart slug (ally target), a goblin, a bat and a friendly rat
(summoned).

Vanquished Creatures
  2 endoplasms (D:1)
2 creatures vanquished.

Vanquished Creatures (collateral kills)
  A giant cockroach (D:1)
  2 hobgoblins (D:1)
  2 frilled lizards (D:1)
  A rat (D:1)
6 creatures vanquished.

Grand Total: 8 creatures vanquished

Notes
Turn   | Place    | Note
-------+----------+-------------------------------------------
     0 | D:1      | croobank the Octopode Summoner began the quest for the Orb.
     0 | D:1      | Reached XP level 1. HP: 11/11 MP: 3/3
   310 | D:1      | Reached XP level 2. HP: 18/18 MP: 1/5
   429 | D:1      | Slain by a goblin

Illustrated notes

Levels and vault maps discovered:
D:1:      dpeg_arrival_water_temple_mockup, layout_basic, st_stairs_9,
          minmay_unequal

Skill      XL: |  1  2 |
---------------+-------+-----
Stealth        | 3 |  3.0
Fighting       | |  0.4
Dodging        | |  2.1
Spellcasting   | |  2.1
Summonings     | |  4.1

Action                   || total
-------------------------++-------
Melee: Unarmed           ||    12
       Tentacles         ||     3
       Constrict         ||     2
 Cast: Summon Small Mamm ||    18
Armor: Skin              ||     9
Dodge: Dodged            ||    20
